 Dungeon Crawl Stone Soup version 0.23.2-1-ga50397a (webtiles) character file.

Game seed: 16694384678906831029

1286 murizio the Slasher (level 8, -1/70 HPs)
             Began as a Hill Orc Fighter on Apr 20, 2019.
             Killed from afar by bmj180's ghost (6 damage)
             ... with an exploding inner flame
             ... hexed by the player character
             ... on level 5 of the Dungeon.
             The game lasted 00:58:57 (3205 turns).

murizio the Slasher (Hill Orc Fighter)              Turns: 3205, Time: 00:58:58

Health: -1/70      AC: 16    Str: 25    XL:     8   Next: 55%
Magic:  8/8        EV: 12    Int: 13    God:
Gold:   212        SH: 11    Dex: 15    Spells: 7/7 levels left

rFire    + + .     SeeInvis .   a - +0 long sword
rCold    + + .     Gourm    .   c - +0 shield
rNeg     . . .     Faith    .   k - +1 chain mail
rPois    +         Spirit   .   e - +0 helmet
rElec    +         Reflect  .   b - scarf {rC+ rF+}
rCorr    +         Harm     .   j - +1 pair of gloves
MR       .....                  g - +0 pair of boots
Stlth    ..........             (no amulet)
HPRegen  0.21/turn              o - +1 ring of protection
MPRegen  0.11/turn              n - +4 ring of strength

@: brilliant, agile, lethally poisoned (-1 -> -2), resistant
A: no striking features
a: no special abilities


You were on level 5 of the Dungeon.
You were not hungry.

You visited 1 branch of the dungeon, and saw 5 of its levels.
You also visited: Ossuary.

You collected 212 gold pieces.

Inventory:

Hand Weapons
 a - a +0 long sword (weapon)
Armour
 b - a scarf of resistance (worn)
 c - a +0 shield (worn)
 e - a +0 helmet (worn)
 g - a +0 pair of boots (worn)
 j - a +1 pair of gloves (worn)
 k - a +1 chain mail (worn)
Jewellery
 d - an uncursed ring of stealth
 n - a +4 ring of strength (right hand)
 o - a +1 ring of protection (left hand)
 p - an uncursed ring of fire
Wands
 r - a wand of paralysis (3)
 y - a wand of flame (10)
Scrolls
 h - 2 scrolls of noise
 l - 2 scrolls of teleportation
 m - 2 scrolls of fog
 s - a scroll of identify
 t - a scroll of remove curse
 x - a scroll of magic mapping
Potions
 q - a potion of cancellation
Comestibles
 f - 9 rations


   Skills:
 + Level 5.7 Fighting
 + Level 7.5 Long Blades
 + Level 5.4 Armour
 + Level 1.5 Dodging
 + Level 6.1 Shields
 + Level 0.1 Evocations


You had 7 spell levels left.
You didn't know any spells.
Your spell library was empty.

Dungeon Overview and Level Annotations

Branches:
Dungeon (5/15)
 Temple: D:4-7

Altars:
Dithmenos
Fedhas
Kikubaaqudgha
Qazlal
Trog
Uskayaw


Message History

You block the spray of energy.
You hit bmj180's ghost but do no damage.
Bmj180's ghost is severely damaged.
You feel sick. Bmj180's ghost barely misses you.
Bmj180's ghost casts a spell at you.
The magic dart hits you but does no damage.
You miss bmj180's ghost.
Bmj180's ghost is severely damaged.
Bmj180's ghost hits you but does no damage.
You hit bmj180's ghost.
Bmj180's ghost is almost destroyed.
Bmj180's ghost points at you and mumbles some strange words.
The magic dart hits you but does no damage.
You miss bmj180's ghost.
Bmj180's ghost is almost destroyed.
You block bmj180's ghost's attack.
You slash bmj180's ghost!
Bmj180's ghost explodes!
The fiery explosion engulfs you. You resist.
You die...

## ..... ..# .... ..
#.... #.# ..... ...
##.... ..##..... #...>
......##..#!...) #......
..............( ......#
............. ...#..#
########........
#..#..####≈)≈≈§§@.....#
.........########....###
...........##..........#
..##.......#..#...#..###
.............######...#
..##.......### ...#
............# ###
...##.#...###
...#####.##


There were no monsters in sight!

Vanquished Creatures
  An orc warrior (D:5)
  A phantom (D:5)
  2 ogres
  2 centaurs (D:5)
  A bullfrog (D:2)
  2 centaur zombies (Ossuary)
  A bullfrog zombie (D:5)
  A jelly (D:4)
  A centaur skeleton (D:4)
  2 orc priests (D:5)
  A worker ant (D:4)
  2 iguanas
  3 hound zombies (Ossuary)
  2 mummies (Ossuary)
  3 gnolls (D:2)
  17 adders
  A shadow imp (D:5)
  4 oozes (D:2)
  2 adder zombies (Ossuary)
  An adder skeleton (D:4)
  A worm (D:2)
  5 leopard geckos
  4 orcs
  A ball python (D:2)
  10 giant cockroaches
  8 hobgoblins
  4 jackals (D:4)
  4 quokkas
  7 bats
  5 frilled lizards
  3 gnoll zombies (Ossuary)
  8 goblins
  3 goblin zombies (Ossuary)
  7 hobgoblin zombies (Ossuary)
  2 jackal zombies (Ossuary)
  6 kobolds
  5 kobold zombies (Ossuary)
  An orc zombie (Ossuary)
  4 quokka zombies (Ossuary)
  9 rats
  4 rat zombies (Ossuary)
151 creatures vanquished.

Vanquished Creatures (others)
  An adder (D:5)
1 creature vanquished.

Grand Total: 152 creatures vanquished

Notes
Turn   | Place    | Note
-------+----------+-------------------------------------------
     0 | D:1      | murizio the Hill Orc Fighter began the quest for the Orb.
     0 | D:1      | Reached XP level 1. HP: 19/19 MP: 1/1
    59 | D:1      | Reached XP level 2. HP: 26/27 MP: 2/2
   515 | D:1      | Reached XP level 3. HP: 27/33 MP: 3/3
   665 | D:2      | Noticed a bullfrog
   679 | D:2      | Reached skill level 3 in Long Blades
   687 | D:2      | Killed a bullfrog
   687 | D:2      | Reached XP level 4. HP: 14/40 MP: 4/4
   687 | D:2      | Reached XP level 5. HP: 16/46 MP: 5/5
   828 | D:2      | Found a shadowy altar of Dithmenos.
   828 | D:2      | Found a hide-covered altar of Uskayaw.
  1040 | D:2      | Reached skill level 4 in Long Blades
  1199 | D:2      | Reached skill level 1 in Dodging
  1405 | D:3      | Reached XP level 6. HP: 37/53 MP: 6/6
  1453 | D:3      | Found a faded altar of an unknown god.
  1480 | D:3      | Became a worshipper of Fedhas Madash
  1480 | D:3      | Reached * piety under Fedhas
  1481 | D:3      | Fell from the grace of Fedhas
  1507 | D:3      | Found a stormy altar of Qazlal.
  1564 | D:3      | Found an ancient bone altar of Kikubaaqudgha.
  1839 | D:3      | Found a bloodstained altar of Trog.
  2255 | D:4      | Reached skill level 5 in Long Blades
  2255 | D:4      | Reached skill level 5 in Shields
  2255 | D:4      | Reached XP level 7. HP: 40/60 MP: 7/7
  2333 | D:4      | Found a blossoming altar of Fedhas.
  2573 | D:5      | Entered Level 5 of the Dungeon
  2574 | D:5      | Found a sand-covered staircase.
  2582 | Ossuary  | Entered an ossuary
  2633 | Ossuary  | Reached skill level 5 in Armour
  2817 | Ossuary  | Reached skill level 6 in Long Blades
  2938 | D:5      | Reached skill level 5 in Fighting
  2951 | D:5      | Reached XP level 8. HP: 62/68 MP: 8/8
  3076 | D:5      | Reached skill level 7 in Long Blades
  3166 | D:5      | Found a runed translucent door.
  3173 | D:5      | Noticed bmj180's ghost (novice DECj)
  3205 | D:5      | Killed bmj180's ghost
  3205 | D:5      | Killed from afar by bmj180's ghost

Skill      XL: |  1  2  3  4  5  6  7  8 |
---------------+-------------------------+-----
Long Blades    | 3 4 5 6 7 |  7.5
Fighting       | 4 5 |  5.7
Armour         | 4 5 |  5.4
Shields        | 4 5 6 |  6.1
Dodging        | 1 |  1.5
Evocations     | |  0.1

Action                   |  1- 3 |  4- 6 |  7- 9 || total
-------------------------+-------+-------+-------++-------
Melee: Long sword        |   109 |   297 |   231 ||   637
Invok: Renounce Religion |       |     1 |       ||     1
Evoke: Wand              |       |       |     2 ||     2
  Use: Scroll            |     4 |     7 |     3 ||    14
       Potion            |     3 |     2 |     9 ||    14
  Eat: Ration            |       |     2 |     1 ||     3
Armor: Scale mail        |    55 |    16 |       ||    71
       Chain mail        |       |   126 |   126 ||   252
Dodge: Dodged            |    44 |    67 |    61 ||   172
Block: Shield            |    61 |   170 |   118 ||   349
       Rpst.: Long sword |    17 |    22 |    16 ||    55
